 Dungeon Crawl Stone Soup version 0.18.1-50-g88ac8fd (webtiles) character file.

20106 Amnesiac the Grand Gadgeteer (level 12, -12/68 HPs)
             Began as a Deep Elf Fighter on Mar 2, 2018.
             Was the Champion of Pakellas.
             Killed from afar by Azrael (20 damage)
             ... with a fireball
             ... on level 13 of the Dungeon.
             The game lasted 00:47:29 (18603 turns).

Amnesiac the Grand Gadgeteer (Deep Elf Fighter)    Turns: 18603, Time: 00:47:30

Health: -12/68     AC: 11    Str: 17    XL:     12   Next: 42%
Magic:  26/26      EV: 12    Int: 15    God:    Pakellas [******]
Gold:   538        SH: 10    Dex: 14    Spells: 0 memorised, 11 levels left

rFire  + . .     SeeInvis .     a - +10 rod of inaccuracy (10/18)
rCold  . . .     Gourm    +     R - +0 steam dragon armour
rNeg   . . .     Faith    .     c - +0 shield
rPois  .         Spirit   .     B - +0 helmet
rElec  .         Dismiss  .     v - +2 cloak
rCorr  .         Reflect  .     A - +0 pair of gloves
SustAt .         Harm     .     (no boots)
MR     ++...                    o - amulet of the gourmand
Stlth  +++.......               m - ring of protection from fire
                                h - ring of protection from magic

@: about to teleport, very resistant to hostile enchantments, fairly stealthy
A: no striking features
a: Quick Charge, Device Surge, Renounce Religion


You were on level 13 of the Dungeon.
You worshipped Pakellas.
Pakellas was exalted by your worship.
You were completely stuffed.

You visited 2 branches of the dungeon, and saw 14 of its levels.
You also visited: Labyrinth and Sewer.

You collected 538 gold pieces.

Inventory:

Hand Weapons
 r - a +2 short sword of draining
 Z - a +0 blowgun
Missiles
 n - 4 curare-tipped needles
 E - 46 poisoned needles
 V - 3 throwing nets (quivered)
Armour
 c - a +0 shield (worn)
 v - a +2 cloak (worn)
 A - a +0 pair of gloves (worn)
 B - a +0 helmet (worn)
 R - a +0 steam dragon armour (worn)
Rods
 a - a +10 rod of inaccuracy (10/18) (in hand)
   (You found it on level 11 of the Dungeon)
 b - a +3 rod of inaccuracy (1/10)
   (You found it in a labyrinth)
 q - a +2 rod of shadows (12/12)
   (Pakellas gifted it to you on level 9 of the Dungeon)
Jewellery
 g - an uncursed ring of resist corrosion
 h - a ring of protection from magic (left hand)
 m - a ring of protection from fire (right hand)
 o - an amulet of the gourmand (around neck)
 Q - an uncursed ring of flight
 T - a cursed -2 ring of dexterity
Wands
 p - a wand of acid (4/15)
 y - a wand of confusion (0/48)
 M - a wand of polymorph (15/24)
 X - a wand of disintegration (7/24)
 Y - a wand of teleportation (1/9)
Scrolls
 e - a scroll of vulnerability {!r}
 l - 8 scrolls of teleportation {!r}
 s - 4 scrolls of enchant weapon {!r}
 t - a scroll of remove curse {!r}
 u - 2 scrolls of amnesia {!r}
 x - 2 scrolls of fear {!r}
 K - 4 scrolls of enchant armour {!r}
 L - a scroll of magic mapping {!r}
 W - a scroll of silence {!r}
Potions
 d - 4 potions of might {!q}
 k - 2 potions of invisibility {!q}
 z - 4 potions of curing {!q}
 D - 5 potions of magic {!q}
 H - a potion of mutation {!q}
 I - 3 potions of flight {!q}
 N - 2 potions of agility {!q}
 P - 2 potions of cancellation {!q}
 S - a potion of brilliance {!q}
Miscellaneous
 w - a stone of tremors
 C - a box of beasts {used: 1}
 U - a phial of floods (inert)
Comestibles
 f - 12 bread rations
 i - 2 slices of pizza
 j - 6 meat rations
 F - 9 beef jerkies
 G - a chunk of flesh
 J - 3 royal jellies
 O - 10 fruits


   Skills:
 * Level 5.1 Fighting
 - Level 8.0 Short Blades
 * Level 4.8 Armour
 + Level 5.0 Dodging
 - Level 6.0 Stealth
 * Level 5.0 Shields
 * Level 16.2 Evocations


You had 11 spell levels left.
You didn't know any spells.

Dungeon Overview and Level Annotations

Branches:
Dungeon (13/15)            Temple (1/1) D:4            Lair (0/8) D:9
    Orc (0/2) D:10
 Vaults: D:13-14

Altars:
Ashenzari
Cheibriados
Dithmenos
Elyvilon
Fedhas
Gozag
Kikubaaqudgha
Makhleb
Nemelex Xobeh
Okawaru
Pakellas
Qazlal
Ru
Sif Muna
Trog
Vehumet
Xom
Yredelemnul
Zin
The Shining One

Shops:
D:7 [[%}[   D:8 [%!*=   D:10 [   D:12 }

Portals:
Trove: D:10 (give +6 demon blade)

Annotations:
D:13 Azrael


Message History

Read which item? (? for menu, Esc to quit)
Okay, then.
Drink which item? (? for menu, Esc to quit)
Okay, then.
Drink which item? (? for menu, Esc to quit)
Really quaff
z - 7 potions of curing {!q}?
You feel better.
You are covered in liquid flames!
* * * LOW HITPOINT WARNING * * *
Azrael hits you but does no damage.
Drink which item? (? for menu, Esc to quit)
Okay, then.
Drink which item? (? for menu, Esc to quit)
Really quaff
z - 6 potions of curing {!q}?
You feel better.
You are covered in liquid flames!
* * * LOW HITPOINT WARNING * * *
Azrael hits you with a scimitar of flaming!
* * * LOW HITPOINT WARNING * * *
Azrael burns you.
* * * LOW HITPOINT WARNING * * *
Drink which item? (? for menu, Esc to quit)
Really quaff
z - 5 potions of curing {!q}?
You feel better.
You are covered in liquid flames!
* * * LOW HITPOINT WARNING * * *
Evoke which item? (* to show all) (? for menu, Esc to quit)
Okay, then.
Read which item? (? for menu, Esc to quit)
Okay, then.
Evoke which item? (* to show all) (? for menu, Esc to quit)
Aim the phial where?
Press: ? - help, Shift-Dir - straight line, f/p - Azrael
Aim: Azrael, wielding a scimitar of flaming The flood of elemental water hits Azrael.
Azrael is doused terribly!
Azrael is moderately wounded.
The wave splashes down.
Splash!
You fall into the shallow water.
Moving in this stuff is going to be slow.
The water rises up and takes form.
Azrael gestures at you.
The fireball explodes!
The fireball engulfs you! You resist.
* * * LOW HITPOINT WARNING * * *
The fireball engulfs Azrael.
Azrael completely resists.
The fireball engulfs your water elemental.
Your water elemental is burned terribly!
The fire elemental hits your water elemental.
The fire elemental burns your water elemental!
Your water elemental is burned terribly!
Azrael gestures at your water elemental.
The damnation unfurls!
The damnation engulfs your water elemental.
Your water elemental is destroyed!
The damnation engulfs Azrael.
Azrael completely resists.
Read which item? (? for menu, Esc to quit)
Really read
l - 9 scrolls of teleportation {!r}?
As you read the scroll of teleportation {!r}, it crumbles to dust.
You feel strangely unstable. Azrael gestures at you.
The fireball explodes!
The fireball engulfs you! You resist.
You die...
Pakellas says: That's one more possible approach eliminated.

#..################ #..# #..#
#..# #..# #..#
###############..################
.................≈§≈≈≈...........
................@R§E§≈......(.>..
..####.#############≈≈...........
#.# #..# #§############ #.# ##.##
#.# #.# ##...#####... #.# #.#
#..#.......# #R######## #.#
##...#####... #..§...R§E [..
##.## #.......E§h§ ### #.#
#............


You could see Azrael and a fire elemental.

Vanquished Creatures
  A minotaur (Lab)
  Erolcha (D:13)
  A death knight (D:11)
  4 hill giants
  A manticore (D:13)
  A centaur zombie (D:12)
  A cyclops (D:13)
  A kobold demonologist (Sewer)
  2 trolls
  Grinder (Sewer)
  4 two-headed ogres
  3 slime creatures (D:12)
  Sigmund (D:2)
  14 yaks
  A shadow (D:12)
  4 wyverns
  2 vampires
  4 wraiths
  A steam dragon (D:10)
  A fire elemental (D:13)
  2 hippogriffs (D:7)
  3 water moccasins
  2 hell hounds (D:13)
  7 orc warriors
  6 sky beasts
  5 black bears
  An ice beast (D:5)
  A wasp (D:8)
  5 ogres
  3 crocodiles
  A phantom (D:5)
  5 centaurs
  3 big kobolds
  10 giant frogs
  A wyvern zombie (D:8)
  6 killer bees
  4 scorpions
  7 wights (D:9)
  3 howler monkeys (D:7)
  4 crimson imps
  4 hounds
  8 orc priests
  9 jellies
  A gnoll shaman (D:7)
  An iguana (D:10)
  13 worker ants
  13 orc wizards
  A big kobold zombie (Sewer)
  The ghost of Amnesiac the Cutter, a weakling DEFi (D:3)
  A howler monkey zombie (D:8)
  17 gnolls
  15 adders
  2 river rats (D:6)
  7 shadow imps
  4 ufetubi (Sewer)
  An ooze (D:3)
  An adder zombie (Sewer)
  3 adder skeletons
  3 worms
  A dart slug (D:1)
  6 giant geckos
  56 orcs
  5 giant cockroaches
  8 goblins
  6 hobgoblins
  13 jackals
  33 kobolds
  6 quokkas
  A ball python (D:6)
  6 bats
  3 giant newts
  A jackal skeleton (D:5)
  A quokka skeleton (D:9)
  10 rats
389 creatures vanquished.

Vanquished Creatures (collateral kills)
  Josephine (D:13)
  An unseen horror (D:12)
  A wraith (D:13)
  4 yaks (D:10)
  9 killer bees
  A howler monkey (D:6)
  An adder skeleton (D:6)
18 creatures vanquished.

Vanquished Creatures (others)
  An ogre (D:8)
  7 fungi (D:9)
  2 plants (D:9)
10 creatures vanquished.

Grand Total: 417 creatures vanquished

Notes
Turn   | Place    | Note
--------------------------------------------------------------
     0 | D:1      | Amnesiac the Deep Elf Fighter began the quest for the Orb.
     0 | D:1      | Reached XP level 1. HP: 13/13 MP: 3/3
     7 | D:1      | Noticed a black bear
     7 | D:1      | Noticed a swamp worm
     7 | D:1      | Noticed an anaconda
     7 | D:1      | Noticed a crocodile
   450 | D:3      | Noticed Amnesiac's ghost (weakling DEFi)
   492 | D:3      | Reached XP level 2. HP: 13/18 MP: 4/4
   496 | D:3      | Killed Amnesiac's ghost
   729 | D:3      | Reached XP level 3. HP: 22/22 MP: 5/5
   826 | D:4      | Found a staircase to the Ecumenical Temple.
   840 | D:4      | Reached XP level 4. HP: 10/27 MP: 6/6
   852 | Temple   | Entered the Ecumenical Temple
  1149 | D:4      | Found an oddly glowing altar of Pakellas.
  1154 | D:4      | Became a worshipper of Pakellas the Inventive
  1497 | D:1      | Reached skill level 5 in Short Blades
  1884 | D:2      | Noticed Sigmund
  1989 | D:2      | Reached * piety under Pakellas
  1989 | D:2      | Received a gift from Pakellas
  2096 | D:2      | Reached XP level 5. HP: 31/31 MP: 7/7
  2114 | D:2      | Found an iron altar of Okawaru.
  2863 | D:2      | Killed Sigmund
  2863 | D:2      | Reached skill level 3 in Evocations
  2863 | D:2      | Reached XP level 6. HP: 22/36 MP: 7/10
  3167 | D:3      | Reached skill level 4 in Evocations
  3265 | D:3      | Found a deep blue altar of Sif Muna.
  3730 | D:4      | Reached ** piety under Pakellas
  3730 | D:4      | Received a gift from Pakellas
  3802 | D:4      | Found a stormy altar of Qazlal.
  3906 | D:4      | Reached XP level 7. HP: 38/40 MP: 8/12
  4433 | D:4      | Found a radiant altar of Vehumet.
  4848 | D:5      | Entered Level 5 of the Dungeon
  5834 | D:6      | Reached skill level 5 in Evocations
  6006 | D:6      | Reached XP level 8. HP: 25/45 MP: 7/14
  6024 | D:6      | Reached skill level 6 in Evocations
  6053 | D:6      | Found a sparkling altar of Nemelex Xobeh.
  6221 | D:6      | Reached *** piety under Pakellas
  6221 | D:6      | Received a gift from Pakellas
  6251 | D:6      | Found a glowing drain.
  6256 | Sewer    | Entered a sewer
  6548 | Sewer    | Reached skill level 7 in Evocations
  6560 | Sewer    | Noticed Grinder
  6577 | Sewer    | Killed Grinder
  6577 | Sewer    | Reached skill level 8 in Evocations
  6783 | Sewer    | Noticed an apprentice kobold demonologist
  6792 | Sewer    | Killed an apprentice kobold demonologist
  6792 | Sewer    | Reached skill level 9 in Evocations
  6804 | Sewer    | Found a burning altar of Makhleb.
  6815 | Sewer    | Got a twisted robe
  7032 | D:6      | Identified the cursed +0 robe of the Vestibule of Hell {*Corrode Str+4 Dex+2} (You took it off a kobold in a sewer)
  7094 | D:6      | Found a deep blue altar of Sif Muna.
  7101 | D:6      | Found a shadowy altar of Dithmenos.
  7102 | D:6      | Found a glowing golden altar of the Shining One.
  7102 | D:6      | Found a white marble altar of Elyvilon.
  7102 | D:6      | Found a blossoming altar of Fedhas.
  7227 | D:7      | Reached XP level 9. HP: 49/49 MP: 18/18
  7228 | D:7      | Reached **** piety under Pakellas
  7228 | D:7      | Received a gift from Pakellas
  7229 | D:7      | Found Neihaypt's Armour Boutique.
  7277 | D:6      | Reached skill level 10 in Evocations
  7747 | D:7      | Found Qoobb's Food Shop.
  8439 | D:7      | Reached skill level 11 in Evocations
  8804 | D:7      | Found Korphofec's Gadget Shop.
  8905 | D:7      | Found Upoxo's Armour Emporium.
  9051 | D:7      | Found Kofihin's Antique Armour Shop.
  9088 | D:7      | Found a shattered altar of Ashenzari.
  9088 | D:7      | Found a basalt altar of Yredelemnul.
  9260 | D:8      | Found Vugoko Ludgh's Armour Emporium.
  9540 | D:8      | Found Ymaat's Food Shop.
  9570 | D:8      | Reached skill level 12 in Evocations
 10607 | D:8      | Found Zeyrghy's General Store.
 10657 | D:8      | Found a sacrificial altar of Ru.
 10696 | D:8      | Found Ehoeprui's Jewellery Shoppe.
 10710 | D:8      | Reached XP level 10. HP: 49/54 MP: 17/21
 10975 | D:8      | Reached skill level 13 in Evocations
 11104 | D:8      | Found Jaihosacs's Distillery.
 11136 | D:8      | Found a snail-covered altar of Cheibriados.
 11482 | D:9      | Found a staircase to the Lair.
 11696 | D:9      | Reached ***** piety under Pakellas
 11696 | D:9      | Received a gift from Pakellas
 11990 | D:9      | Noticed a hill giant
 12011 | D:9      | Killed a hill giant
 12011 | D:9      | Reached skill level 14 in Evocations
 12524 | D:9      | Found an ancient bone altar of Kikubaaqudgha.
 12526 | D:9      | Found an opulent altar of Gozag.
 12934 | D:10     | Entered Level 10 of the Dungeon
 13065 | D:10     | Found Puinu's Armour Boutique.
 13111 | D:10     | Reached skill level 15 in Evocations
 13339 | D:10     | Identified a +2 rod of shadows (12/12) (Pakellas gifted it to you on level 9 of the Dungeon)
 13434 | D:10     | Found a staircase to the Orcish Mines.
 13540 | D:10     | Found a portal to a secret trove of treasure.
 13890 | D:10     | Found a shimmering altar of Xom.
 13990 | D:10     | Reached XP level 11. HP: 50/58 MP: 15/24
 14517 | D:11     | Reached skill level 16 in Evocations
 14522 | D:11     | Reached skill level 1 in Dodging
 14835 | D:11     | Identified a +0 rod of inaccuracy (12/12) (You found it on level 11 of the Dungeon)
 15131 | D:11     | Noticed a hill giant
 15243 | D:11     | Killed a hill giant
 15613 | D:11     | Reached ****** piety under Pakellas
 15670 | D:11     | Identified a +10 rod of inaccuracy (18/18) (supercharged by Pakellas)
 15799 | D:12     | Found a labyrinth entrance.
 15806 | D:12     | Reached skill level 1 in Stealth
 15811 | Lab      | Entered a labyrinth
 16004 | Lab      | Noticed a minotaur
 16030 | Lab      | Killed a minotaur
 16042 | Lab      | Got a faintly glowing leather armour
 16044 | Lab      | Identified the cursed +1 leather armour of the Trout {-Tele rElec rPois Regen+} (You found it in a labyrinth)
 16181 | D:12     | Killed an unseen horror
 16181 | D:12     | Reached skill level 5 in Stealth
 16840 | D:12     | Found Kirus's Gadget Shop.
 17385 | D:13     | Noticed Josephine
 17387 | D:13     | Reached XP level 12. HP: 66/66 MP: 26/26
 17398 | D:13     | Killed Josephine
 17964 | D:13     | Noticed Erolcha
 17965 | D:13     | Killed Erolcha
 17967 | D:13     | Noticed a death knight
 18109 | D:11     | Killed a death knight
 18290 | D:13     | Reached skill level 5 in Fighting
 18312 | D:13     | Reached skill level 5 in Dodging
 18489 | D:13     | Identified a +3 rod of inaccuracy (10/10) (You found it in a labyrinth)
 18500 | D:13     | Found a shattered altar of Ashenzari.
 18577 | D:13     | Noticed Azrael
 18586 | D:13     | Reached skill level 5 in Shields
 18603 | D:13     | Killed from afar by Azrael

Skill      XL: |  1  2  3  4  5  6  7  8  9 10 11 12 |
---------------+-------------------------------------+-----
Short Blades   | 3 4 5 6 8 |  8.0
Evocations     | 3 4 5 9 12 15 16 | 16.2
Dodging        | 4 5 |  5.0
Fighting       | 4 5 |  5.1
Armour         | 4 |  4.8
Shields        | 4 5 |  5.0
Stealth        | 6 |  6.0

Action                   |  1- 3 |  4- 6 |  7- 9 | 10-12 || total
-------------------------+-------+-------+-------+-------++-------
Melee: Rapier            |    40 |   348 |   781 |   164 ||  1333
       Short sword       |       |       |       |   489 ||   489
 Fire: Blowgun           |       |       |     2 |       ||     2
Throw: Throwing net      |       |       |       |     2 ||     2
Invok: Quick Charge      |       |     1 |     6 |     3 ||    10
       Supercharge       |       |       |       |     1 ||     1
Evoke: Wand              |       |     8 |    52 |    32 ||    92
       Box of beasts     |       |       |     1 |       ||     1
       Stone of tremors  |       |       |     1 |       ||     1
       Rod               |       |       |       |   141 ||   141
       Phial of floods   |       |       |       |     2 ||     2
  Use: Potion            |     2 |       |     2 |     8 ||    12
       Scroll            |       |       |    16 |    18 ||    34
 Stab: Confused          |       |     5 |    26 |    20 ||    51
       Held in net/web   |       |       |       |     1 ||     1
       Sleeping          |       |       |       |     1 ||     1
  Eat: Chunk             |       |    24 |    24 |    29 ||    77
Armor: Scale mail        |    13 |   136 |   308 |   143 ||   600
       Steam dragon armo |       |       |       |    69 ||    69
Dodge: Dodged            |     7 |    82 |   172 |   135 ||   396
Block: Shield            |    11 |   138 |   275 |   244 ||   668
